 Dungeon Crawl Stone Soup version 0.20.1-1-g8b1a95d (webtiles) character file.

68 Hurrycane the Gusty (level 4, -1/27 HPs)
             Began as a Tengu Air Elementalist on July 13, 2017.
             Killed from afar by a dart slug (3 damage)
             ... with a slug dart
             ... on level 2 of the Dungeon.
             The game lasted 00:05:06 (2026 turns).

Hurrycane the Gusty (Tengu Air Elementalist)        Turns: 2026, Time: 00:05:07

Health: -1/27      AC:  2    Str:  9    XL:     4   Next: 19%
Magic:  8/8        EV: 13    Int: 15    God:
Gold:   58         SH:  4    Dex: 15    Spells: 4/7 levels left

rFire    . . .     SeeInvis .   f - +0 mace
rCold    . . .     Gourm    .   (no shield)
rNeg     . . .     Faith    .   a - +0 robe
rPois    .         Spirit   .   (helmet restricted)
rElec    .         Reflect  .   (no cloak)
rCorr    .         Harm     .   (no gloves)
MR       .....                  (boots unavailable)
Stlth    ++........             (no amulet)
Regen    0.1/turn               (no ring)
MPRegen  0.2/turn               (no ring)

@: lethally poisoned (-1 -> -4), hasted, very quick
A: beak, talons 3, large bone plates 1, sturdy frame 1
a: no special abilities


You were on level 2 of the Dungeon.
You were not hungry.

You visited 1 branch of the dungeon, and saw 2 of its levels.

You collected 58 gold pieces.

Inventory:

Hand Weapons
 e - a +0 dagger
 f - a +0 mace (weapon)
Armour
 a - a +0 robe (worn)
Scrolls
 c - a scroll of teleportation {unknown}
 g - 2 scrolls of remove curse
 h - a scroll of identify
Potions
 k - a potion of lignification
Books
 b - a book of Air

   Spells                             Type                      Level
   a - Shock                          Conjuration/Air              1
   b - Swiftness                      Charms/Air                   2
   c - Static Discharge               Conjuration/Air              3
   d - Airstrike                      Air                          4
   e - Lightning Bolt                 Conjuration/Air              5


   Skills:
 * Level 2.7 Fighting
 * Level 1.2 Armour
 * Level 3.0 Dodging
 - Level 2.0 Stealth
 - Level 2.0 Spellcasting
 - Level 1.3 Conjurations
 - Level 4.0 Air Magic


You had 4 spell levels left.
You knew the following spells:

 Your Spells              Type           Power        Failure   Level  Hunger
a - Shock                 Conj/Air       #...         8%          1    #......
b - Swiftness             Chrm/Air       #.......     14%         2    ###....


Dungeon Overview and Level Annotations

Branches:
Dungeon (2/15)

Altars:
Xom


Innate Abilities, Weirdness & Mutations

You have a beak for a mouth.
You have claws for feet.
You are partially covered in large bone plates. (SH +4)
Your movements are slightly less encumbered by armour. (ER -2)


Message History

The adder is severely wounded.
You block the adder's attack.
You barely miss the adder. You claw the adder.
You kill the adder!
Your Dodging skill increases to level 3!
* * * LOW HITPOINT WARNING * * *
You feel sick.
You barely miss the rat. You claw the rat.
You kill the rat!
Your magical contamination has completely faded away.
* * * LOW HITPOINT WARNING * * *
You feel sick.
There is an open door here.
You see here an adder corpse.
The dart slug barely misses you.
* * * LOW HITPOINT WARNING * * *
You feel sick. The dart slug launches a dart at you. The slug dart hits you!
You die...

#...# ##### #...# #....
#.).###### ###.###
#..['....##########...###
.?......#....(........#'#....
.......?#....................
..w...###....................
...Sg. #........#####.......
..$... #...@..w.†...'.......
..... +.........#####.......
..... ###+#.....### #.......
#####...# ##....#. ####.#.##
#....#. .........###....#.
..........########
.r.....##..####...#
.......##..###....#


You could see a dart slug.

Vanquished Creatures
  3 adders
  An ooze (D:2)
  A worm (D:2)
  A leopard gecko (D:1)
  5 bats (D:1)
  3 giant cockroaches (D:1)
  4 goblins
  4 hobgoblins
  A ball python (D:1)
  3 frilled lizards (D:1)
  2 kobolds
  6 rats
34 creatures vanquished.

Notes
Turn   | Place    | Note
-------+----------+-------------------------------------------
     0 | D:1      | Hurrycane the Tengu Air Elementalist began the quest for the Orb.
     0 | D:1      | Reached XP level 1. HP: 10/10 MP: 4/4
    46 | D:1      | Reached skill level 1 in Fighting
   411 | D:1      | Reached XP level 2. HP: 16/16 MP: 6/6
   451 | D:1      | Learned a level 2 spell: Swiftness
   962 | D:1      | Reached XP level 3. HP: 22/22 MP: 7/7
  1077 | D:1      | Found a shimmering altar of Xom.
  1952 | D:2      | Reached skill level 1 in Armour
  1952 | D:2      | Reached XP level 4. HP: 23/27 MP: 8/8
  2017 | D:2      | Gained mutation: Your movements are slightly less encumbered by armour. (ER -2) [potion of mutation]
  2017 | D:2      | Gained mutation: You are partially covered in large bone plates. (SH +4) [potion of mutation]
  2026 | D:2      | Killed from afar by a dart slug

Skill      XL: |  1  2  3  4 |
---------------+-------------+-----
Fighting       | 1 2 |  2.7
Armour         | 1 |  1.2
Dodging        | 3 |  3.0
Stealth        | |  2.0
Spellcasting   | |  2.0
Conjurations   | |  1.3
Air Magic      | |  4.0

Action                   |  1- 3 |  4- 6 || total
-------------------------+-------+-------++-------
Melee: Unarmed           |    14 |       ||    14
       Kick              |    16 |     4 ||    20
       Dagger            |     5 |       ||     5
       Mace              |    69 |    14 ||    83
       Peck              |     9 |     3 ||    12
 Cast: Shock             |    12 |     1 ||    13
       Swiftness         |     2 |       ||     2
  Use: Scroll            |     3 |       ||     3
       Potion            |     1 |     2 ||     3
 Stab: Sleeping          |     2 |       ||     2
  Eat: Chunk             |     2 |       ||     2
       Bread ration      |     1 |       ||     1
Armor: Robe              |    22 |     1 ||    23
Dodge: Dodged            |    75 |    23 ||    98
Block: Other             |       |     2 ||     2
